 Dungeon Crawl Stone Soup version 0.28.0-49-g6dfe1f597d (webtiles) character file.

Game seed: 5641898329788859487

210 bnorton916 the Firebug (level 5, 0/28 HPs)
             Began as a Deep Elf Fire Elementalist on May 17, 2022.
             Slain by an iguana (5 damage)
             ... on level 5 of the Dungeon.
             The game lasted 00:04:57 (5040 turns).

bnorton916 the Firebug (Deep Elf Fire Elementalist) Turns: 5040, Time: 00:04:57

Health: 0/28       AC:  5    Str:  5    XL:     5   Next: 56%
Magic:  7/13       EV: 12    Int: 22    God:
Gold:   38         SH:  0    Dex: 15    Spells: 6/12 levels left

rFire   . . .      SeeInvis .   (no weapon)
rCold   . . .      Faith    .   (no shield)
rNeg    . . .      Spirit   .   a - +0 robe
rPois   .          Reflect  .   (no helmet)
rElec   .          Harm     .   (no cloak)
rCorr   .          Rampage  .   l - +0 pair of gloves
Will    .....                   b - +1 pair of boots
Stlth   ++........              (no amulet)
HPRegen 0.09/turn               (no ring)
MPRegen 0.13/turn               (no ring)

@: no status effects
A: no striking features
a: no special abilities


You were on level 5 of the Dungeon.
You visited 1 branch of the dungeon, and saw 5 of its levels.

You collected 38 gold pieces.

Inventory:

Hand Weapons
 h - a +1 dagger of draining
 i - a +1 vampiric spear
 j - a +0 hunting sling
Missiles
 g - 5 poisoned darts
Armour
 a - a +0 robe (worn)
 b - a +1 pair of boots (worn)
 l - a +0 pair of gloves (worn)
Scrolls
 c - a scroll of blinking {unknown}
 e - 2 scrolls of identify {unknown}
 f - a scroll of teleportation {unknown}
 k - a scroll of vulnerability {unknown}
 m - a scroll of enchant weapon {unknown}
Potions
 d - a potion of degeneration {unknown}
 n - a potion of brilliance {unknown}


   Skills:
 - Level 2.4 Dodging
 - Level 2.4 Stealth
 - Level 4.0 Spellcasting
 + Level 4.0 Conjurations
 + Level 5.2 Fire Magic


You had 6 spell levels left.
You knew the following spells:

 Your Spells              Type           Power      Damage    Failure   Level
a - Foxfire               Conj/Fire      96%        2x1d8     1%          1
b - Scorch                Fire           54%        2d7       1%          2
c - Conjure Flame         Conj/Fire      24%        6-21      4%          3

Your spell library contained the following spells:

 Spells                   Type           Power      Damage    Failure   Level
 Magic Dart               Conj           88%        1d7       2%          1
 Animate Skeleton         Necr           8%         N/A       11%         1
 Pain                     Necr           16%        1d4       11%         1
 Inner Flame              Hex/Fire       15%        N/A       12%         3
 Call Imp                 Summ           4%         N/A       17%         2
 Flame Wave               Conj/Fire      24%        2d7       17%         4
 Mephitic Cloud           Conj/Pois/Air  10%        N/A       19%         3
 Vampiric Draining        Necr           4%         2d6       32%         3


Dungeon Overview and Level Annotations

Branches:
Dungeon (5/15)
 Temple: D:4-7

Altars:
Elyvilon
Xom
Yredelemnul


Message History

You feel sick.
You feel sick.
You feel sick.
You feel sick. The hound barely misses you.
You feel sick.
You are no longer poisoned.
The hound bites you. The hound bites you.
* * * LOW HITPOINT WARNING * * *
The hound closely misses you. The hound bites you but does no damage.
There is a stone staircase leading down here.
The hound closely misses you.
You climb downwards.
Found 9 gold pieces and a runed dagger.
There is a stone staircase leading up here.
Casting: Foxfire (safe; 1% risk of failure)
Confirm with . or Enter, or press ? or * to list all spells.
Flames lash the hound.
The hound is moderately wounded.
The hound's fire resistance burns away.
The iguana hisses angrily.
The hound bites you but does no damage. The hound closely misses you.
The hound barely misses you.
Casting: Scorch (safe; 2% risk of failure)
Confirm with . or Enter, or press ? or * to list all spells.
Flames lash the hound.
The hound is burned terribly!
The hound is severely wounded.
The hound bites you but does no damage. The hound bites you.
* * * LOW HITPOINT WARNING * * *
The hound closely misses you.
Unknown command.
Casting: Scorch (safe; 2% risk of failure)
Confirm with . or Enter, or press ? or * to list all spells.
Flames lash the hound.
The hound is burned terribly!
You kill the hound!
You hear a bark!
Your Conjurations skill increases to level 4!
The iguana bites you.
You die...

#
#######..#
#.........
#.@l....#
#.......#
#.......$.
#.....#...
###.### ..
.. ) .# .#


You could see an iguana.

Vanquished Creatures
  A hound (D:5)
  A bullfrog skeleton (D:4)
  A centaur skeleton (D:4)
  An orc wizard (D:3)
  An adder (D:2)
  3 worms (D:2)
  2 dart slugs
  4 orcs
  6 bats
  4 endoplasms
  3 giant cockroaches (D:2)
  9 hobgoblins
  A quokka (D:4)
  9 ball pythons
  4 frilled lizards
  10 goblins
  6 kobolds
  7 rats
73 creatures vanquished.

Vanquished Creatures (others)
  161 foxfires
  2 plants (D:4)
163 creatures vanquished.

Grand Total: 236 creatures vanquished

Notes
Turn   | Place    | Note
-------+----------+-------------------------------------------
     0 | D:1      | bnorton916 the Deep Elf Fire Elementalist began the quest
                  | for the Orb.
     0 | D:1      | Reached XP level 1. HP: 10/10 MP: 6/6
   367 | D:1      | Reached XP level 2. HP: 15/15 MP: 5/8
   379 | D:1      | Learned a level 2 spell: Scorch
  1233 | D:2      | Reached XP level 3. HP: 19/19 MP: 6/10
  1933 | D:2      | Reached skill level 4 in Fire Magic
  2171 | D:2      | Learned a level 3 spell: Conjure Flame
  2712 | D:3      | Reached XP level 4. HP: 24/24 MP: 9/12
  3821 | D:3      | Found a basalt altar of Yredelemnul.
  3823 | D:3      | Found a shimmering altar of Xom.
  4466 | D:3      | Found a white marble altar of Elyvilon.
  4650 | D:4      | Reached XP level 5. HP: 22/28 MP: 8/13
  4662 | D:4      | Reached skill level 5 in Fire Magic
  5034 | D:5      | Entered Level 5 of the Dungeon
  5040 | D:5      | Slain by an iguana

Illustrated notes

Levels and vault maps discovered:
D:1:      lightli_molten_gateway, layout_loops_ring
D:2:      layout_rooms, minmay_tall_x
D:3:      layout_basic, nicolae_overflow_hidden_temple,
          nicolae_elyvilon_temple_path, minmay_goblin_outpost
D:4:      layout_loops_ring, nicolae_wu_jian_immortal_techniques,
          serial_bayou_pond_b, roderic_lattice_a
D:5:      layout_loops_cross, overflow_temple_1_default, temple_green,
          serial_shops, nicolae_diamond_shop

Skill      XL: |  1  2  3  4  5 |
---------------+----------------+-----
Conjurations   | 2 3 4 |  4.0
Fire Magic     | 4 5 |  5.2
Spellcasting   | 4 |  4.0
Dodging        | |  2.4
Stealth        | |  2.4

Action                   |  1- 3 |  4- 6 || total
-------------------------+-------+-------++-------
 Cast: Foxfire           |    69 |    29 ||    98
       Scorch            |     6 |    20 ||    26
Armor: Robe              |     3 |    13 ||    16
Dodge: Dodged            |    10 |    27 ||    37
